 Dungeon Crawl Stone Soup version 0.22-a0-32-ga749362bc3 (webtiles) character file.

26 NixNut the Shooter (level 2, -1/14 HPs)
             Began as a Spriggan Hunter on Jan 3, 2018.
             Slain by a goblin (2 damage)
             ... on level 2 of the Dungeon.
             The game lasted 00:07:22 (1067 turns).

NixNut the Shooter (Spriggan Hunter)                Turns: 1067, Time: 00:07:22

Health: -1/14      AC:  2    Str:  8    XL:     2   Next: 89%
Magic:  3/3        EV: 18    Int: 12    God:
Gold:   19         SH:  0    Dex: 16    Spells: 1/1 levels left

rFire    . . .     SeeInvis +   l - +0 dagger (speed)
rCold    . . .     Gourm    .   (shield restricted)
rNeg     . . .     Faith    .   c - +0 robe
rPois    .         Spirit   .   (helmet restricted)
rElec    .         Reflect  .   (no cloak)
rCorr    .         Harm     .   (gloves unavailable)
MR       .....                  (boots unavailable)
Stlth    +++.......             (no amulet)
HPRegen  0.04/turn              (no ring)
MPRegen  0.08/turn              (no ring)

@: lethally poisoned (-1 -> -9), very quick
A: very small, unfitting armour, see invisible, herbivore, speed 3, slow
metabolism 2
a: no special abilities


You were on level 2 of the Dungeon.
You were not hungry.

You visited 1 branch of the dungeon, and saw 2 of its levels.

You collected 19 gold pieces.

Inventory:

Hand Weapons
 a - a +1 shortbow
 b - a +0 short sword
 j - a +0 hunting sling
 l - a +0 dagger of speed (weapon)
 n - a +3 spear
Missiles
 d - 14 arrows
Armour
 c - a +0 robe (worn)
Scrolls
 g - a scroll of teleportation {unknown}
 k - a scroll of fear {unknown}
 m - a scroll of blinking {unknown}
Potions
 e - a potion of degeneration {unknown}
 h - 2 potions of resistance {unknown}
 i - a potion of heal wounds {unknown}
Comestibles
 f - a ration


   Skills:
 - Level 1.5 Fighting
 + Level 5.4 Bows
 - Level 3.0 Dodging
 + Level 3.4 Stealth


You had one spell level left.
You didn't know any spells.

Dungeon Overview and Level Annotations

Branches:
Dungeon (2/15)

Altars:
Xom


Innate Abilities, Weirdness & Mutations

You are very small and have problems with some larger weapons.
You are too small for most types of armour.
You have supernaturally acute eyesight. (SInv)
You are a herbivore.
You cover ground extremely quickly.
You need consume almost no food.


Message History

The adder poisons you! The goblin hits you.
You hit the adder.
The adder is lightly wounded.
You feel sick. The adder bites you.
You hit the adder.
The adder is moderately wounded.
The goblin completely misses you.
You hit the adder but do no damage.
The adder is moderately wounded.
The adder bites you but does no damage. The goblin barely misses you.
You hit the adder.
The adder is moderately wounded.
You feel sick. The adder bites you.
* * * LOW HITPOINT WARNING * * *
You hit the adder but do no damage.
The adder is moderately wounded.
The adder bites you.
* * * LOW HITPOINT WARNING * * *
The goblin hits you.
You die...

........#
.......####
.........# #
........# ..
.......#
###.##......#
#......S....#
# #.@# . #g##
. #.. . #.. .
#.. . #.. .
#.. # #.. #


You could see an adder and a goblin.

Vanquished Creatures
  A dart slug (D:1)
  4 bats
  2 giant cockroaches
  A goblin (D:1)
  4 hobgoblins
  3 frilled lizards (D:1)
  4 kobolds (D:1)
  7 rats (D:1)
26 creatures vanquished.

Notes
Turn   | Place    | Note
-------+----------+-------------------------------------------
     0 | D:1      | NixNut the Spriggan Hunter began the quest for the Orb.
     0 | D:1      | Reached XP level 1. HP: 10/10 MP: 2/2
   128 | D:1      | Reached skill level 5 in Bows
   182 | D:1      | Reached XP level 2. HP: 14/14 MP: 3/3
   765 | D:1      | Found a shimmering altar of Xom.
   767 | D:1      | Found a hazy altar of Hepliaklqana.
   767 | D:1      | Found a bloodstained altar of Trog.
   769 | D:1      | Found a burning altar of Makhleb.
   769 | D:1      | Found a snail-covered altar of Cheibriados.
   769 | D:1      | Found a glowing golden altar of the Shining One.
  1067 | D:2      | Slain by a goblin

Vault maps used:
D:1:      nzn_arrival_depleted_hourglass, doesnt_xom_only_xom
D:2:      chequers_ecumenical_altar_simple, st_stairs_6

Skill      XL: |  1  2 |
---------------+-------+-----
Stealth        | 2 3 |  3.4
Bows           | 5 |  5.4
Fighting       | |  1.5
Dodging        | |  3.0

Action                   || total
-------------------------++-------
Melee: Short sword       ||    10
       Dagger            ||    37
       Spear             ||     7
 Fire: Shortbow          ||    34
 Stab: Sleeping          ||     1
Armor: Robe              ||     6
Dodge: Dodged            ||    58

Table legend:
 A = Spawn XP
 B = Non-spawn XP
 C = Spawn XP percentage of total XP
 D = Spawn monster count
 E = Non-spawn monster count
 F = Spawn count percentage of total count
 G = Total turns spent on level
                    A         B        C        D         E        F      G
               +---------+---------+-------+---------+---------+-------+---------
         Total |       0 |      38 |   0.0 |       0 |      26 |   0.0 |  1067
               +---------+---------+-------+---------+---------+-------+---------
           D:1 |       0 |      33 |   0.0 |       0 |      23 |   0.0 |  1039
           D:2 |       0 |       5 |   0.0 |       0 |       3 |   0.0 |    28
               +---------+---------+-------+---------+---------+-------+---------
